 Dungeon Crawl Stone Soup version 0.32-a0-42-ga30500b4d3 (webtiles) character file.

Game seed: 10959333581554729659

4442 whatisthis the Toxicologist (level 10, -2/63 HPs)
             Began as a Demonspawn Alchemist on Feb 1, 2024.
             Was an Initiate of Sif Muna.
             Succumbed to Amaemon's poison
             ... on level 8 of the Dungeon.
             The game lasted 00:27:50 (10486 turns).

whatisthis the Toxicologist (Demonspawn Alchemist) Turns: 10486, Time: 00:27:51

Health: -2/63      AC: 12    Str:  9    XL:     10   Next: 15%
Magic:  9/22       EV: 12    Int: 19    God:    Sif Muna [......]
Gold:   43         SH:  9    Dex: 14    Spells: 13/25 levels left

rFire   . . .        i - +2 short sword (venom)
rCold   + . .        (no shield)
rNeg    . . .        a - +0 robe
rPois   .            (helmet restricted)
rElec   .            j - +0 cloak
rCorr   .            o - +0 pair of gloves
SInv    .            q - +1 pair of boots
Will    .....        n - amulet of reflection
Stlth   ++           D - ring of protection from cold
HPRegen 0.30/turn    F - ring of wizardry
MPRegen 0.18/turn

%: reflection, wizardry (x1)
@: lethally poisoned (-2 -> -27)
A: horns 2, yellow scales 1, icemail 1, condensation shield
a: Renounce Religion


You were on level 8 of the Dungeon.
You worshipped Sif Muna.
Sif Muna was noncommittal.
You visited 2 branches of the dungeon, and saw 9 of its levels.

You collected 43 gold pieces.

Inventory:

Hand Weapons
 i - a +2 short sword of venom (weapon)
Missiles
 p - 9 poisoned darts
Armour
 a - a +0 robe (worn)
 j - a +0 cloak (worn)
 o - a +0 pair of gloves (worn)
 q - a +1 pair of boots (worn)
Jewellery
 c - a ring of flight
 n - an amulet of reflection (around neck)
 D - a ring of protection from cold (left hand)
 F - a ring of wizardry (right hand)
Wands
 d - a wand of flame (20)
Scrolls
 e - a scroll of revelation {unknown}
 k - 2 scrolls of noise
 l - a scroll of enchant weapon {unknown}
 m - a scroll of brand weapon {unknown}
 r - a scroll of silence {unknown}
 t - a scroll of butterflies {unknown}
 u - a scroll of fear {unknown}
 v - a scroll of immolation {unknown}
 w - 2 scrolls of poison
 y - 3 scrolls of teleportation {unknown}
 z - a scroll of vulnerability {unknown}
 E - a scroll of amnesia {unknown}
Potions
 b - a potion of magic
 f - 2 potions of heal wounds
 g - a potion of ambrosia {unknown}
 h - 2 potions of enlightenment {unknown}
 s - a potion of lignification {unknown}
 C - 4 potions of attraction {unknown}
 G - a potion of brilliance {unknown}


   Skills:
 - Level 1.7 Dodging
 - Level 1.7 Stealth
 + Level 8.2 Spellcasting
 + Level 8.6 Conjurations
 + Level 9.1 Alchemy


You had 13 spell levels left.
You knew the following spells:

 Your Spells              Type           Power      Damage    Failure   Level
a - Sting                 Conj/Alch      100%       1d9       1%          1
b - Mercury Vapours       Alch/Air       50%        N/A       1%          2
c - Searing Ray           Conj           80%        2d7       1%          2
d - Olgreb's Toxic Radia  Alch           42%        N/A       1%          4
e - Mephitic Cloud        Conj/Alch/Air  30%        N/A       1%          3

Your spell library contained the following spells:

 Spells                   Type           Power      Damage    Failure   Level
 Magic Dart               Conj           100%       1d8       1%          1
 Fulminant Prism          Conj/Alch      20%        3d12      1%          4
 Alistair's Intoxication  Alch           28%        N/A       2%          5
 Apportation              Tloc           14%        N/A       3%          1
 Slow                     Hex            28%        N/A       3%          1
 Jinxbite                 Hex            14%        N/A       6%          2
 Sticky Flame             Fire/Alch      25%        2d6       6%          4
 Confusing Touch          Hex            7%         N/A       11%         3
 Sigil of Binding         Hex            7%         N/A       11%         3
 Summon Ice Beast         Ice/Summ       7%         N/A       11%         3
 Vampiric Draining        Necr           7%         2d6       11%         3
 Summon Mana Viper        Hex/Summ       7%         N/A       65%         5
 Monstrous Menagerie      Summ           3%         N/A       100%        7
 Ozocubu's Refrigeration  Ice            3%         4d8       100%        7
 Discord                  Hex            3%         N/A       100%        8


Dungeon Overview and Level Annotations

Branches:
Dungeon (8/15)             Temple (1/1) D:7
   Lair: D:8-11

Altars:
Ashenzari
Cheibriados
Dithmenos
Fedhas
Gozag
Hepliaklqana
Kikubaaqudgha
Makhleb
Nemelex Xobeh
Okawaru
Qazlal
Ru
Sif Muna
Trog
Vehumet
Wu Jian
Xom
Yredelemnul

Shops:
D:4 *   D:5 *

Annotations:
D:2 exclusion: door
D:6 Maurice
D:8 Amaemon


Innate Abilities, Weirdness & Mutations

You have a pair of horns on your head.
You are partially covered in yellow scales. (AC +2)
A meltable icy envelope protects you from harm. (AC +4)
A meltable shield of frost defends you. (SH +4)


Message History

Amaemon is heavily wounded.
You feel very sick. You block Amaemon's attack. Amaemon misses you.
Amaemon barely misses you.
Aiming: Sting (safe; 1% risk of failure)
Press: ? - help, Q - select action, (/) - cycle Shift-Dir - straight line, f/p - Amaemon
Aim: Amaemon, wielding a -1 demon whip of venom (heavily wounded, extremely poisoned, 72% to hit)
The sting misses Amaemon.
You feel very sick. You block Amaemon's attack. Amaemon claws you.
Amaemon misses you.
Aiming: Sting (safe; 1% risk of failure)
Press: ? - help, Q - select action, (/) - cycle Shift-Dir - straight line, f/p - Amaemon
Aim: Amaemon, wielding a -1 demon whip of venom (heavily wounded, extremely poisoned, 72% to hit)
The sting hits Amaemon but does no damage.
Amaemon looks as sick as possible!
Amaemon is heavily wounded.
You feel very sick.
Amaemon hits you with a -1 demon whip of venom.
You are more poisoned.
Amaemon barely misses you. Amaemon tail-slaps you.
Aiming: Sting (safe; 1% risk of failure)
Press: ? - help, Q - select action, (/) - cycle Shift-Dir - straight line, f/p - Amaemon
Aim: Amaemon, wielding a -1 demon whip of venom (heavily wounded, extremely poisoned, 72% to hit)
The sting hits Amaemon.
Amaemon looks as sick as possible!
Amaemon is heavily wounded.
You feel very sick.
Amaemon gestures wildly while chanting.
Aiming: Sting (safe; 1% risk of failure)
Press: ? - help, Q - select action, (/) - cycle Shift-Dir - straight line, f/p - Amaemon
Aim: Amaemon, wielding a -1 demon whip of venom (heavily wounded, extremely poisoned, 72% to hit)
The sting hits Amaemon!
Amaemon looks as sick as possible!
Amaemon is severely wounded.
You feel very sick.
Amaemon hits you with a -1 demon whip of venom!
* * * LOW HITPOINT WARNING * * *
You are more poisoned.
Amaemon claws you.
* * * LOW HITPOINT WARNING * * *
Amaemon closely misses you.
Unknown command.
You die...

#.##.# ###.## ####.##.#
#....# #.......# #.####
############.##.#### #.#
.......>..##.##.# #.#
#######.#.##.##.######.#
#######.#.##.#.........#
........#.##.###########
.......##.##..s.@..#
.......##.####.6.#.#
.......##s####s###.#
##......(6.........#
#...####.####.#####
##..## #.# #.#### #..##
#.# #....# รท6.# #.#
#.##.# ##.# #.#######.#


You could see Amaemon (extremely poisoned) and 2 scorpions.

Vanquished Creatures
  Joseph (D:7)
  An orange demon (D:8)
  Prince Ribbit (D:8)
  3 yaks (D:8)
  3 wyverns
  Menkaure (D:7)
  5 water moccasins
  2 ice beasts
  2 ogres
  2 centaurs
  2 phantoms
  A kobold brigand (D:8)
  A bullfrog (D:7)
  5 scorpions
  4 killer bees (D:8)
  2 bombardier beetles
  2 hounds
  A jelly (D:5)
  2 orc priests
  2 gnoll boudas
  2 sleepcaps
  5 iguanas
  2 orc wizards
  Robin (D:2)
  13 gnolls
  13 adders
  A white imp (D:7)
  4 ufetubi
  2 ribbon worms
  2 dart slugs (D:1)
  10 orcs
  3 endoplasms
  2 giant cockroaches (D:3)
  15 goblins
  12 hobgoblins
  3 quokkas
  4 ball pythons (D:2)
  4 bats
  5 frilled lizards
  12 kobolds
  5 rats
163 creatures vanquished.

Notes
Turn   | Place    | Note
-------+----------+-------------------------------------------
     0 | D:1      | whatisthis the Demonspawn Alchemist began the quest for the
                  | Orb.
     0 | D:1      | Reached XP level 1. HP: 13/13 MP: 3/3
    32 | D:1      | Gained mutation: You have a pair of small horns on your
                  | head. [demonic ancestry]
    32 | D:1      | Reached XP level 2. HP: 4/19 MP: 0/5
   948 | D:1      | Reached XP level 3. HP: 24/24 MP: 4/6
  1437 | D:2      | Gained mutation: You are partially covered in yellow
                  | scales. (AC +2) [demonic ancestry]
  1437 | D:2      | Reached XP level 4. HP: 28/30 MP: 5/8
  1704 | D:2      | Learned a level 2 spell: Mercury Vapours
  1877 | D:2      | Learned a level 2 spell: Searing Ray
  1927 | D:2      | Reached skill level 4 in Alchemy
  2152 | D:2      | Gained mutation: A meltable shield of frost defends you.
                  | (SH +4) [demonic ancestry]
  2152 | D:2      | Reached XP level 5. HP: 35/35 MP: 6/9
  2376 | D:2      | Noticed Robin
  2413 | D:2      | Killed Robin
  2612 | D:2      | Found a faded altar of an unknown god.
  4248 | D:4      | Gained mutation: You have a pair of horns on your head.
                  | [demonic ancestry]
  4248 | D:4      | Reached XP level 6. HP: 41/41 MP: 7/11
  4405 | D:4      | Found Aheo's Neck Hole.
  4927 | D:4      | Reached skill level 5 in Alchemy
  5237 | D:3      | Gained mutation: A meltable icy envelope protects you from
                  | harm. (AC +4) [demonic ancestry]
  5237 | D:3      | Reached XP level 7. HP: 31/46 MP: 2/13
  5579 | D:5      | Entered Level 5 of the Dungeon
  5760 | D:4      | Reached skill level 5 in Spellcasting
  5764 | D:4      | Reached skill level 5 in Conjurations
  5859 | D:5      | Reached skill level 6 in Alchemy
  6049 | D:5      | Reached XP level 8. HP: 35/52 MP: 6/16
  6270 | D:5      | Found Zopnikak's Fire Supplies.
  6825 | D:5      | Found an opulent altar of Gozag.
  6826 | D:5      | Found a basalt altar of Yredelemnul.
  7493 | D:6      | Reached skill level 7 in Alchemy
  7564 | D:6      | Learned a level 4 spell: Olgreb's Toxic Radiance
  8056 | D:7      | Noticed Maurice
  8065 | D:7      | Maurice stole a ring of willpower
  8066 | D:7      | Maurice stole 4 javelins
  8072 | D:7      | Maurice stole 69 gold
  8073 | D:7      | Maurice stole 280 gold
  8079 | D:7      | Something stole 124 gold
  8179 | D:7      | Noticed Joseph
  8270 | D:7      | Learned a level 3 spell: Mephitic Cloud
  8276 | D:7      | Noticed Menkaure
  8285 | D:7      | Killed Menkaure
  8286 | D:7      | Reached XP level 9. HP: 54/57 MP: 18/18
  8353 | D:7      | Killed Joseph
  8502 | D:7      | Found a staircase to the Ecumenical Temple.
  8515 | Temple   | Entered the Ecumenical Temple
  8594 | Temple   | Became a worshipper of Sif Muna the Loreminder
  8990 | D:7      | Reached skill level 8 in Alchemy
  9225 | D:8      | Noticed an orange demon
  9235 | D:8      | Killed an orange demon
  9245 | D:8      | Noticed Amaemon
  9395 | D:6      | Maurice stole 48 gold
 10048 | D:8      | Found a burning altar of Makhleb.
 10124 | D:8      | Reached XP level 10. HP: 48/63 MP: 11/22
 10131 | D:8      | Reached skill level 9 in Alchemy
 10227 | D:8      | Noticed Prince Ribbit
 10249 | D:8      | Killed Prince Ribbit
 10486 | D:8      | Succumbed to Amaemon's poison

Illustrated notes

Levels and vault maps discovered:
D:1:      dpeg_arrival_pond, layout_loops_ring, roderic_lattice_a,
          minmay_misc_feat_rows
D:2:      cheibrodos_pilgrimage, layout_basic,
          dilly_ecumenical_altar_fadedgnrine, chequers_serial_rivers_small_b,
          nrook_mini_backslash, kennysheep_pointless_box, minmay_vboxes,
          uniq_robin
D:3:      layout_basic, roderic_serpentine_path, kennysheep_generic_room_16
D:4:      layout_loops_ring, serial_library_regret_index_multi,
          nicolae_shop_sticking_my_neck_out
D:5:      layout_loops_ring, minitemple, nicolae_shop_fire_sale
          [nicolae_sub_dead_trees]
D:6:      layout_rooms
D:7:      layout_rooms, minmay_temple_entry_offerings, uniq_maurice,
          uniq_menkaure, uniq_joseph
D:8:      layout_basic, mainiacjoe_overflow_alcove_4, minmay_lair_entry_grove,
          uniq_amaemon, uniq_prince_ribbit1
Temple:   minmay_temple_bridge_d

Skill      XL: |  1  2  3  4  5  6  7  8  9 10 |
---------------+-------------------------------+-----
Conjurations   | 2 3 4 5 6 8 |  8.6
Spellcasting   | 3 4 5 6 8 |  8.2
Alchemy        | 4 5 6 7 8 9 |  9.1
Dodging        | |  1.7
Stealth        | |  1.7

Action                     |  1- 3 |  4- 6 |  7- 9 | 10-12 || total
---------------------------+-------+-------+-------+-------++-------
  Melee: Unarmed           |     7 |       |       |       ||     7
         Headbutt          |     3 |    10 |    14 |       ||    27
         Short sword       |    11 |    46 |    50 |     1 ||   108
         Punch             |       |     1 |       |       ||     1
  Throw: Javelin           |     4 |       |       |       ||     4
         Dart              |       |       |     2 |       ||     2
   Cast: Sting             |    54 |    99 |    85 |    13 ||   251
         Searing Ray       |       |    18 |    28 |     3 ||    49
         Mercury Vapours   |       |     5 |    17 |       ||    22
         Olgreb's Toxic Ra |       |       |    25 |     4 ||    29
         Mephitic Cloud    |       |       |     3 |     2 ||     5
  Evoke: Wand              |       |       |    14 |       ||    14
    Use: Potion            |       |       |     5 |       ||     5
         Scroll            |       |       |     4 |       ||     4
 Armour: Robe              |    25 |    35 |   166 |    15 ||   241
  Dodge: Dodged            |    32 |    39 |    96 |    13 ||   180
  Block: Other             |       |    27 |    65 |     6 ||    98
         Reflection        |       |       |     5 |       ||     5

Table legend: (Time is in decaauts)
 A = Elapsed time spent in this place.
 B = Non-inter-level travel time spent in this place.
 C = Inter-level travel time spent in this place.
 D = Time resting spent in this place.
 E = Time spent auto-exploring this place.
 F = Levels seen in this place.
 G = Mean time per level.
                   A        B        C        D        E       F      G
               +--------+--------+--------+--------+--------+-----+--------+
         Total |  10492 |  10087 |    405 |   3321 |   4396 |   9 | 1165.8 |
       Dungeon |  10338 |  10081 |    257 |   3321 |   4396 |   8 | 1292.2 |
        Temple |    154 |      6 |    148 |      0 |      0 |   1 |  154.0 |
               +--------+--------+--------+--------+--------+-----+--------+

Top non-repeatable levels by time:
     D:2: 1568 daAuts
     D:3: 1423 daAuts
     D:7: 1415 daAuts
     D:1: 1365 daAuts
     D:4: 1340 daAuts
     D:5: 1310 daAuts
     D:6: 1121 daAuts
     D:8: 792 daAuts
  Temple: 154 daAuts
